[Event "ICC Open 2015"]
[Site "Internet Chess Club"]
[Date "2015.05.30"]
[Round "4"]
[White "yummy2"]
[Black "Volkov"]
[Result "0-1"]
[ICCResult "White resigns"]
[WhiteElo "2694"]
[BlackElo "2988"]
[Opening "French: Tarrasch, closed variation"]
[ECO "C05"]
[NIC "FR.16"]
[Time "14:39:58"]
[TimeControl "180+0"]

1. e4 e6 2. d4 d5 3. Nd2 Nf6 4. e5 Nfd7 5. f4 c5 6. Ngf3 Nc6 7. Nb3 a5 8. a4
c4 9. Nbd2 Ndb8 10. c3 Ne7 11. Be2 Nbc6 12. Nf1 Nf5 13. Ne3 Be7 14. O-O h5
15. Qe1 h4 16. Nxf5 exf5 17. Be3 Be6 18. Bd1 Ra6 19. Ng5 Rb6 20. Rf2 Bxg5
21. fxg5 Ne7 22. Ra3 Ng6 23. b3 Qe7 24. Ra1 cxb3 25. Rb2 f4 26. Bd2 Qxg5 27.
Rxb3 Rxb3 28. Bxb3 h3 29. g3 Qf5 30. Bd1 fxg3 31. Qxg3 Nh4 32. Be2 Qc2 33.
Bb5+ Kf8 34. Bg5 Nf5 35. Qf2 Qxc3 36. Rc1 Qxd4 37. Qxd4 Nxd4 38. Kf2 Rh5 39.
Bf4 Rf5 40. Ke3 Nxb5 41. axb5 d4+ 42. Ke4 g5 43. Bg3 a4 44. Kxd4 a3 45. Rc3
a2 46. Rc1 Kg7 47. b6 Kg6 48. Kc5 Rf3 49. Ra1 Rd3 50. Kb4 g4 51. Kc5 Kf5
{White resigns}
0-1

[Event "ICC Open 2015"]
[Site "Internet Chess Club"]
[Date "2015.05.30"]
[Round "4"]
[White "VoltesV"]
[Black "WhitsellF"]
[Result "0-1"]
[ICCResult "White checkmated"]
[WhiteElo "1577"]
[BlackElo "1559"]
[Opening "Dutch"]
[ECO "A80"]
[NIC "HD.12"]
[Time "14:40:02"]
[TimeControl "180+0"]

1. d4 f5 2. Nf3 Nf6 3. c4 e6 4. a3 b6 5. Bg5 Bb7 6. Nbd2 Be7 7. g3 O-O 8.
Bg2 h6 9. Bxf6 Bxf6 10. O-O Qe7 11. Re1 d6 12. e3 e5 13. d5 Nd7 14. Qc2 e4
15. Nd4 Nc5 16. Nxf5 Qe5 17. Nd4 Rae8 18. Bf1 Bc8 19. b4 Nd7 20. Nc6 Qh5 21.
Nxe4 Bxa1 22. Rxa1 Ne5 23. Nxe5 Qxe5 24. Ra2 Qxe4 25. Bd3 Qe5 26. Bh7+ Kh8
27. Bg6 Re7 28. Kg2 Bf5 29. Bxf5 Qxf5 30. e4 Rxe4 31. Ra1 Qf3+ 32. Kg1 Re2
33. Qxe2 Qxe2 34. Rf1 Qxc4 35. Kg2 Qxd5+ 36. f3 Qd2+ 37. Rf2 Qe3 38. a4 Qc3
39. b5 Qb4 40. f4 Qxa4 41. h3 Qxb5 42. h4 Qd5+ 43. Kh3 Re8 44. Rb2 Re3 45.
Rb4 Qf3 46. Rxb6 Qxg3# {White checkmated} 0-1

[Event "ICC Open 2015"]
[Site "Internet Chess Club"]
[Date "2015.05.30"]
[Round "4"]
[White "NFork"]
[Black "Cristhian-ator"]
[Result "0-1"]
[ICCResult "White resigns"]
[WhiteElo "2159"]
[BlackElo "2523"]
[Opening "French: Rubinstein variation"]
[ECO "C03"]
[NIC "FR.07"]
[Time "14:40:24"]
[TimeControl "180+0"]

1. e4 e6 2. d4 d5 3. Nd2 dxe4 4. Nxe4 Nd7 5. Nf3 Ngf6 6. Nxf6+ Nxf6 7. Bd3
Be7 8. O-O O-O 9. c3 b6 10. Qe2 Bb7 11. Rd1 Qd5 12. c4 Qh5 13. d5 Rfe8 14.
dxe6 Bxf3 15. exf7+ Kxf7 16. Qxf3 Qxf3 17. gxf3 Rad8 18. Bf4 Bd6 19. Bg3 Re7
20. Bf5 g6 21. Bc2 Re2 22. Rac1 Nh5 23. Kf1 Rde8 24. Be4 Rxb2 25. Bxd6 cxd6
26. Rxd6 Nf6 27. c5 bxc5 28. Rxc5 Nxe4 29. fxe4 Rxa2 30. e5 Re7 31. Rf6+ Kg7
32. h4 Rxe5 33. Rxg6+ hxg6 34. Rxe5 Kh6 35. Kg2 a5 36. Kg3 a4 37. f4 Ra1 38.
Re6 a3 39. f5 a2 40. Rxg6+ Kh7 41. Ra6 Rg1+ 42. Kf4 a1=Q 43. Rxa1 Rxa1 44.
Kg5 Ra5 {White resigns} 0-1

[Event "ICC Open 2015"]
[Site "Internet Chess Club"]
[Date "2015.05.30"]
[Round "4"]
[White "faust"]
[Black "Kempka"]
[Result "1-0"]
[ICCResult "Black forfeits on time"]
[WhiteElo "3236"]
[BlackElo "2750"]
[Opening "Sicilian, Chekhover variation"]
[ECO "B53"]
[NIC "SI.02"]
[Time "14:39:39"]
[TimeControl "180+0"]

1. e4 c5 2. Nf3 d6 3. d4 cxd4 4. Qxd4 Nf6 5. Bb5+ Bd7 6. c4 a6 7. Bxd7+ Qxd7
8. Nc3 Nc6 9. Qd3 g6 10. O-O Bg7 11. h3 O-O 12. Be3 Rac8 13. Rac1 Qe6 14. b3
Nd7 15. Ng5 Nde5 16. Qe2 Qd7 17. Nd5 Qd8 18. f4 Nd7 19. Rcd1 e6 20. e5 exd5
21. cxd5 Ncxe5 22. fxe5 Nxe5 23. Kh1 h6 24. Ne4 f5 25. Nd2 g5 26. Nc4 Qe7
27. Bd4 Rce8 28. Bxe5 Bxe5 29. Qd3 Qf6 30. Rde1 f4 31. a4 Kg7 32. Re2 Re7
33. Rc1 h5 34. Nxe5 Rxe5 35. Rc7+ Rf7 36. Rxf7+ Kxf7 37. Qh7+ Kf8 38. Rc2
Re7 39. Rc8+ Re8 40. Rxe8+ Kxe8 41. Qxh5+ Kd8 42. Qh7 Qe5 43. Qd3 Qe1+ 44.
Kh2 Ke7 45. a5 Kf6 46. Qf3 Ke5 47. Qg4 Kf6 48. b4 Qe3 49. h4 gxh4 50. Qxh4+
Ke5 51. Qe7+ Kxd5 52. Qxb7+ Kc4 53. Qxa6+ {Black forfeits on time} 1-0

[Event "ICC Open 2015"]
[Site "Internet Chess Club"]
[Date "2015.05.30"]
[Round "4"]
[White "legatus"]
[Black "safadi100"]
[Result "1-0"]
[ICCResult "Black forfeits on time"]
[WhiteElo "2291"]
[BlackElo "1887"]
[Opening "French: exchange variation"]
[ECO "C01"]
[NIC "FR.01"]
[Time "14:39:03"]
[TimeControl "180+0"]

1. e4 e6 2. d4 d5 3. exd5 exd5 4. Nf3 Bg4 5. c4 c6 6. Nc3 Bb4 7. cxd5 cxd5
8. h3 Bh5 9. g4 Bg6 10. Bb5+ Nc6 11. Qa4 Bxc3+ 12. bxc3 Ne7 13. O-O O-O 14.
Bg5 f6 15. Bf4 a6 16. Be2 Re8 17. Rfe1 b5 18. Qb3 Na5 19. Qd1 Rc8 20. Rc1
Nc4 21. a4 Qa5 22. axb5 axb5 23. Qb3 Be4 24. Ra1 Qb6 25. Nd2 Ng6 26. Be3
Nxe3 27. fxe3 Qd6 28. Nf1 Nh4 29. Qxb5 Ng2 30. Ra6 Qc7 31. c4 Nxe1 32. cxd5
Nf3+ 33. Kf2 Qc2 34. d6 Bc6 35. Rxc6 Qxc6 36. d7 Qxb5 37. Bxb5 Rc2+ 38. Kxf3
Rd8 39. Ng3 Rb2 40. Bc6 Rb6 41. d5 Kf8 42. Ne4 g6 43. Nd6 Ke7 44. Nc4 Rb4
45. Nd2 Rb2 46. Ne4 Rc2 47. Nf2 f5 48. Nd3 Rc3 49. Ke2 fxg4 50. Kd2 Rxc6 51.
hxg4 Rd6 52. e4 R6xd7 53. Ke3 Rxd5 54. Ne5 Rxe5 55. Kf4 Rxe4+ 56. Kg5
{Black forfeits on time}
1-0

[Event "ICC Open 2015"]
[Site "Internet Chess Club"]
[Date "2015.05.30"]
[Round "4"]
[White "MD1"]
[Black "grancaruso"]
[Result "1-0"]
[ICCResult "Black resigns"]
[WhiteElo "1636"]
[BlackElo "1854"]
[Opening "Sicilian: O'Kelly variation"]
[ECO "B28"]
[NIC "SI.43"]
[Time "14:40:01"]
[TimeControl "180+0"]

1. e4 c5 2. Nf3 a6 3. d3 Nc6 4. Be2 e6 5. Nc3 d5 6. exd5 exd5 7. Bf4 Nf6 8.
O-O Be7 9. Bg3 O-O 10. h3 Re8 11. a3 Bf5 12. Re1 h6 13. Bf1 Qd7 14. Qd2 Rad8
15. Bf4 Rc8 16. Bxh6 gxh6 17. Qxh6 Nh7 18. Ne5 Nxe5 19. Rxe5 Bg5 20. Rxe8+
Rxe8 21. Qb6 Qc6 22. Qa7 Bf6 23. Na4 Be7 24. b3 Bd6 25. Qb6 Qxb6 26. Nxb6
Be6 27. c4 dxc4 28. bxc4 Bc7 29. Na4 Bd6 30. Rb1 Bc8 31. g3 Nf6 32. Bg2 Re7
33. Nb6 Bf5 34. Rb3 Bc7 35. Nd5 Nxd5 36. Bxd5 Bd6 37. Bxb7 Bxd3 38. Bd5 Bf5
39. Rf3 Bxh3 40. a4 Be6 41. Bxe6 Rxe6 42. Rb3 Be5 43. Rb7 Bd4 44. Ra7 Kg7
45. Kg2 Kf6 46. f4 Kf5 47. Kf3 f6 48. g4+ Kg6 49. f5+ Kg5 50. fxe6 Be5 51.
e7 Bd6 52. e8=Q Be5 53. Qe6 Kg6 54. Qf5+ {Black resigns} 1-0

[Event "ICC Open 2015"]
[Site "Internet Chess Club"]
[Date "2015.05.30"]
[Round "4"]
[White "jewels2"]
[Black "perronegro"]
[Result "0-1"]
[ICCResult "White forfeits on time"]
[WhiteElo "1317"]
[BlackElo "1604"]
[Opening "QGA: 3.e4"]
[ECO "D20"]
[NIC "QG.04"]
[Time "14:39:52"]
[TimeControl "180+0"]

1. d4 d5 2. c4 dxc4 3. e4 b5 4. a4 c6 5. axb5 cxb5 6. Nc3 Bd7 7. d5 Nf6 8.
e5 Ng4 9. e6 Nxf2 10. exd7+ Qxd7 11. Kxf2 a5 12. Qf3 Ra7 13. Be3 Rc7 14.
Rxa5 b4 15. Bb6 Rb7 16. Na4 e6 17. Bxc4 Bd6 18. Bb5 O-O 19. Bxd7 Nxd7 20.
dxe6 fxe6 21. Ra8 Bb8 22. Qxf8+ Kxf8 23. Nf3 Kf7 24. Rf1 Nxb6 25. Nxb6 Rxb6
26. Ke3 Bd6 27. Ne5+ Ke7 28. Nc4 Bc5+ 29. Ke4 Rb7 30. Ne5 Kd6 31. Nf7+ Kc7
32. Ra5 Kb6 33. Raa1 Kb5 34. Ne5 b3 35. Nd3 Bb4 36. Nxb4 Kxb4 37. Rad1 Rc7
38. Rd4+ Kb5 39. Rf4 Rc2 40. Rg4 Re2+ 41. Kf3 g6 42. Kxe2 Kc5 43. Rd8 Kc6
44. Rh4 h5 {White forfeits on time} 0-1

[Event "ICC Open 2015"]
[Site "Internet Chess Club"]
[Date "2015.05.30"]
[Round "4"]
[White "paulleon"]
[Black "BigCol"]
[Result "1-0"]
[ICCResult "Black checkmated"]
[WhiteElo "2049"]
[BlackElo "1747"]
[Opening "QGD: 3.Nc3"]
[ECO "D31"]
[NIC "QP.08"]
[Time "14:40:18"]
[TimeControl "180+0"]

1. d4 d5 2. c4 e6 3. Nc3 f5 4. Nf3 Nf6 5. Bf4 c6 6. e3 Bd6 7. Bxd6 Qxd6 8.
Rc1 O-O 9. Bd3 Bd7 10. O-O Ne4 11. Nd2 Be8 12. f3 Nxc3 13. bxc3 Nd7 14. e4
Bh5 15. Qc2 fxe4 16. fxe4 Bg6 17. cxd5 exd5 18. c4 dxe4 19. Nxe4 Qxd4+ 20.
Kh1 Bxe4 21. Bxe4 Nf6 22. Bf5 Qh4 23. Be6+ Kh8 24. c5 Rad8 25. Rb1 Ne4 26.
Kg1 Rxf1+ 27. Rxf1 Nf6 28. Rd1 Re8 29. Bf7 Rf8 30. Be6 Ne4 31. g3 Qh5 32.
Rd7 Qxc5+ 33. Qxc5 Nxc5 34. Re7 Nxe6 35. Rxe6 Rb8 36. Re7 Kg8 37. Rc7 h6 38.
Kf2 g5 39. Kf3 Kf8 40. Kg4 Kg8 41. Kh5 c5 42. Rxc5 b6 43. Rc7 a5 44. Kxh6
Rd8 45. Kxg5 Rd2 46. h4 Rxa2 47. Kg6 Kf8 48. h5 Rg2 49. Rc3 b5 50. h6 b4 51.
Rf3+ Ke7 52. h7 Rh2 53. Kg7 a4 54. Rf7+ Kd6 55. Ra7 a3 56. h8=Q Rxh8 57.
Kxh8 Kc5 58. g4 Kc4 59. g5 Kb3 60. g6 Kb2 61. g7 a2 62. g8=Q b3 63. Qg7+ Kb1
64. Qd4 b2 65. Qd1# {Black checkmated} 1-0

[Event "ICC Open 2015"]
[Site "Internet Chess Club"]
[Date "2015.05.30"]
[Round "4"]
[White "NAS"]
[Black "VrloJakMK"]
[Result "0-1"]
[ICCResult "White forfeits on time"]
[WhiteElo "1717"]
[BlackElo "2259"]
[Opening "French defense"]
[ECO "C01"]
[NIC "FR.01"]
[Time "14:39:21"]
[TimeControl "180+0"]

1. e4 e6 2. d4 c5 3. Nc3 cxd4 4. Qxd4 Nc6 5. Qd1 Bb4 6. Bd3 Nf6 7. Ne2 d5 8.
exd5 Nxd5 9. O-O Nxc3 10. Nxc3 a6 11. Qh5 Qa5 12. Qxa5 Bxa5 13. Ne4 Ke7 14.
Bf4 e5 15. Bg5+ f6 16. Be3 Be6 17. Rfd1 Rhd8 18. a3 Nd4 19. Nc5 Bc8 20. Bxh7
Bg4 21. f3 Bc8 22. Be4 Rb8 23. c3 Ne6 24. Nb3 Bc7 25. Rxd8 Bxd8 26. Rd1 b6
27. g3 a5 28. Kf2 Bc7 29. Nd2 Ba6 30. Bc2 Rd8 31. Bb3 Nc5 32. Bxc5+ bxc5 33.
Ne4 Rxd1 34. Bxd1 c4 35. Be2 Bb6+ 36. Ke1 Be3 37. Kd1 f5 38. Nd2 Bxd2 39.
Kxd2 f4 40. Ke1 Kd6 41. Kf2 Kc5 42. Kg2 Bb7 43. Kh3 Bc8+ 44. Kh4 Be6 45.
gxf4 exf4 46. Kg5 Kb5 47. Kxf4 Ka4 48. Bd1+ Kb5 49. Ke5 Bh3 50. f4 Bf1 51.
f5 Bd3 52. f6 Kc5 53. fxg7 Bh7 54. Bf3 Bg8 55. Bg4 Bf7 56. Kf6 Bg8 57. Ke7
Bh7 58. Kf8 Kd6 59. g8=Q Bxg8 60. Kxg8 Ke5 61. h4 Ke4 62. h5 Kf4 63. h6 Kg5
64. h7 Kxg4 65. h8=Q Kf3 66. Qd4 Ke2 67. Kf7 Ke1 68. Ke7 a4 69. Ke6 Ke2 70.
Ke5 Ke1 71. Qe3+ Kd1 72. Qf2 Kc1 73. Kd4 Kb1 74. Ke3 Ka2 75. Qd2 Kb3 76.
Qd1+ Ka2 77. Kd4 Kxb2 78. Kxc4 Kxa3 79. Qc1+ Ka2 80. Kb4 a3 81. Qc2+ Ka1 82.
Qd2 Kb1 {White forfeits on time} 0-1

[Event "ICC Open 2015"]
[Site "Internet Chess Club"]
[Date "2015.05.30"]
[Round "4"]
[White "motipen"]
[Black "Mormegil"]
[Result "1-0"]
[ICCResult "Black checkmated"]
[WhiteElo "1940"]
[BlackElo "1682"]
[Opening "QGD Slav: 4.Nc3"]
[ECO "D15"]
[NIC "SL.03"]
[Time "14:40:42"]
[TimeControl "180+0"]

1. d4 d5 2. c4 c6 3. Nf3 Nf6 4. Nc3 a6 5. cxd5 cxd5 6. Bf4 Nc6 7. e3 Bg4 8.
Bd3 e6 9. Rc1 Bb4 10. Qb3 Qa5 11. Ne5 Rc8 12. Nxg4 Nxg4 13. O-O O-O 14. h3
Nf6 15. a3 Bxc3 16. Rxc3 b5 17. Rfc1 Ne7 18. Bd6 Rxc3 19. Rxc3 Re8 20. Bb4
Qb6 21. Qc2 a5 22. Bxe7 Rxe7 23. Rc8+ Re8 24. Rc7 g6 25. Qc5 Rb8 26. Qe7 Rf8
27. Rc5 b4 28. axb4 Qxb4 29. Qxf6 Qxb2 30. h4 a4 31. h5 a3 32. h6 Qb1+ 33.
Kh2 Qb8+ 34. g3 Qd8 35. Qg7# {Black checkmated} 1-0

[Event "ICC Open 2015"]
[Site "Internet Chess Club"]
[Date "2015.05.30"]
[Round "4"]
[White "f8"]
[Black "nihil95"]
[Result "0-1"]
[ICCResult "White forfeits on time"]
[WhiteElo "1387"]
[BlackElo "1795"]
[Opening "King's pawn opening"]
[ECO "B07"]
[NIC "VO.17"]
[Time "14:40:20"]
[TimeControl "180+0"]

1. e4 d6 2. d4 c6 3. c4 g6 4. Nc3 Bg7 5. Be3 Nf6 6. Nf3 O-O 7. h3 Qc7 8. Bd3
e5 9. O-O Nbd7 10. Rc1 a6 11. b4 c5 12. bxc5 dxc5 13. d5 Qd6 14. Qd2 Nh5 15.
g3 Nb6 16. Kg2 Bd7 17. Rb1 Rab8 18. Rb2 Nc8 19. Rfb1 b6 20. Bc2 Ne7 21. Ba4
Bxa4 22. Nxa4 f5 23. exf5 Nxf5 24. Rxb6 Nxe3+ 25. Qxe3 Rxb6 26. Rxb6 Qe7 27.
Qxc5 Qf7 28. Qe3 Bh6 29. Qe2 Qf5 30. Nxe5 Qg5 31. Nd7 Nf4+ 32. Kf1 Nxe2 33.
Kxe2 Re8+ 34. Re6 Rxe6+ 35. dxe6 Qd2+ 36. Kf1 Qd3+ 37. Kg2 Qe4+ 38. Kh2 Qxe6
39. Nac5 Qe2 40. Kg2 Be3 41. Ne4 Ba7 42. Ndf6+ Kf7 43. Kg1 Qxa2
{White forfeits on time}
0-1

[Event "ICC Open 2015"]
[Site "Internet Chess Club"]
[Date "2015.05.30"]
[Round "4"]
[White "vasek"]
[Black "MasterZachary"]
[Result "1-0"]
[ICCResult "Black forfeits on time"]
[WhiteElo "1319"]
[BlackElo "2234"]
[Opening "Ruy Lopez: modern Steinitz defense"]
[ECO "C74"]
[NIC "RL.11"]
[Time "14:38:58"]
[TimeControl "180+0"]

1. e4 e5 2. Nf3 Nc6 3. Bb5 a6 4. Ba4 d6 5. c3 Nf6 6. O-O Be7 7. Re1 O-O 8.
d4 b5 9. Bc2 Bg4 10. Be3 exd4 11. cxd4 Nb4 12. Bd2 Nxc2 13. Qxc2 Bxf3 14.
gxf3 Nh5 15. Kh1 Bg5 16. Rg1 Nf4 17. Nc3 Qf6 18. Be3 Qh6 19. Rg4 Qh3 20. Rg3
Qh5 21. Rag1 h6 22. Qd1 Kh8 23. d5 f6 24. Ne2 Nh3 25. R1g2 Bxe3 26. fxe3 Ng5
27. Nf4 Qf7 28. h4 Nh7 29. Ng6+ Kg8 30. Nxf8 Nxf8 31. Qg1 g5 32. f4 Qh5 33.
Rh2 Qg6 34. Qg2 Nh7 35. hxg5 fxg5 36. fxg5 Nxg5 37. Rh4 Re8 38. Rhg4 Re5 39.
Kg1 Kh7 40. Qf2 Qg7 41. Kf1 Qg6 42. Ke2 Re7 43. Qf5 Qxf5 44. exf5 Ne4 45.
Rf3 Nf6 46. Rd4 Re5 47. Kd3 Nxd5 48. f6 Kg8 49. f7+ Kf8 50. Rg4 Ne7 51. Kd4
c5+ 52. Kd3 Rd5+ 53. Ke2 Re5 54. Rg2 Re6 55. Rh2 Rg6 56. Rhh3 Rg7 57. Rxh6
Rxf7 58. Rxf7+ Kxf7 59. Rh7+ Ke6 60. Rxe7+ Kxe7 61. Kd3 Ke6 62. e4 Ke5 63.
Ke3 d5 64. Kd3 c4+ 65. Ke3 d4+ 66. Ke2 d3+ 67. Kd2 Kxe4 68. Kc3 Ke3 69. a4
d2 70. axb5 d1=Q 71. bxa6 Qd3+ 72. Kb4 Qb3+ 73. Kc5 Qxb2 74. Kc6 Qa3 75. Kb7
c3 76. a7 c2 77. a8=Q c1=Q 78. Qxa3+ Kd2 79. Kb6 Kd1 80. Kb5
{Black forfeits on time}
1-0

[Event "ICC Open 2015"]
[Site "Internet Chess Club"]
[Date "2015.05.30"]
[Round "4"]
[White "chesstempo2"]
[Black "IlValentino"]
[Result "1-0"]
[ICCResult "Black forfeits on time"]
[WhiteElo "1966"]
[BlackElo "1405"]
[Opening "Queen's pawn: Yusupov-Rubinstein system"]
[ECO "A46"]
[NIC "QP.06"]
[Time "14:39:25"]
[TimeControl "180+0"]

1. d4 Nf6 2. Nf3 e6 3. e3 b6 4. Bd3 Bb7 5. Nbd2 g6 6. b3 Bg7 7. Bb2 O-O 8.
O-O d6 9. c4 Nbd7 10. Qc2 Rc8 11. e4 e5 12. dxe5 Nxe5 13. Nxe5 dxe5 14. Bxe5
Ne8 15. Bxg7 Nxg7 16. Nf3 Ne6 17. Rad1 c5 18. Rfe1 Qc7 19. Bf1 Rcd8 20. Qb1
Rxd1 21. Rxd1 Rd8 22. Rxd8+ Qxd8 23. Qd3 Qxd3 24. Bxd3 f6 25. Kf1 Kf7 26. g3
g5 27. Ke2 h5 28. Ke3 Ke7 29. h4 g4 30. Nd2 Kd6 31. f3 gxf3 32. Nxf3 a5 33.
Nh2 Bc6 34. g4 hxg4 35. Nxg4 Ke7 36. Nh6 Ng7 37. Kf4 Ke6 38. Nf5 Nxf5 39.
exf5+ Kf7 40. Be4 Bd7 41. Bd5+ Kg7 42. Be6 Be8 43. Ke4 Kh6 44. Kd5 Kh5 45.
Kd6 Kxh4 46. Ke7 Bc6 47. Kxf6 Be8 48. Kg7 Bh5 49. f6 Kg5 50. f7 Bxf7 51.
Kxf7 Kf4 52. Ke7 Ke5 53. Kd7 Kd4 54. Kc6 Kc3 55. Kxb6 Kb2 56. Kxc5 Kxa2 57.
Kb5 Kxb3 58. c5+ Ka3 59. c6 a4 60. c7 Kb2 61. c8=Q a3 62. Qc4 a2 63. Qxa2+
{Black forfeits on time}
1-0

[Event "ICC Open 2015"]
[Site "Internet Chess Club"]
[Date "2015.05.30"]
[Round "4"]
[White "RaHrAhRaHeHs"]
[Black "slothchess"]
[Result "1-0"]
[ICCResult "Black forfeits on time"]
[WhiteElo "2333"]
[BlackElo "1556"]
[Opening "Sicilian: Prins (Moscow) variation"]
[ECO "B55"]
[NIC "SI.01"]
[Time "14:39:14"]
[TimeControl "180+0"]

1. e4 c5 2. Nf3 d6 3. d4 cxd4 4. Nxd4 Nf6 5. f3 g6 6. c4 Bg7 7. Nc3 Nc6 8.
Be3 O-O 9. Be2 Nxd4 10. Bxd4 Be6 11. O-O Qa5 12. Kh1 Rfc8 13. b3 a6 14. a4
Nd7 15. Bxg7 Kxg7 16. Qd4+ Qe5 17. Qe3 Qc5 18. Qd2 Qb4 19. Rab1 Nf6 20. Rfd1
Qc5 21. Rbc1 Qb6 22. Qb2 Bxc4 23. Bxc4 Rxc4 24. Nd5 Rxc1 25. Rxc1 Qd8 26.
Qc3 e6 27. Nc7 Rb8 28. b4 e5 29. b5 axb5 30. axb5 Nd7 31. Nd5 Ra8 32. f4 Ra4
33. Qc2 Rd4 34. Re1 Qa5 35. Nc3 Rc4 36. Rc1 Nc5 37. Qb2 Nd3 38. Qb3 Nf2+ 39.
Kg1 Qb6 40. Kf1 Nxe4 41. Qb2 Rb4 42. Qc2 Nxc3 43. g3 Qxb5+ 44. Kg2 Rb2 45.
Kh3 Rxc2 46. Rxc2 Qd3 47. Rf2 Ne4 48. Rg2 exf4 49. Rg1 fxg3 50. hxg3 Qe3 51.
Kh2 Qf2+ 52. Rg2 Qf5 53. Kg1 Qg4 54. Kh2 Qh5+ 55. Kg1 Qd1+ 56. Kh2 Nf2 57.
g4 Nxg4+ 58. Kg3 Qd3+ 59. Kh4 Qf5 60. Kg3 g5 61. Kh3 h5 62. Kg3 Nf2 63. Kh2
Qg4 64. Kg1 {Black forfeits on time} 1-0

[Event "ICC Open 2015"]
[Site "Internet Chess Club"]
[Date "2015.05.30"]
[Round "4"]
[White "RaiseTheCurve"]
[Black "Qualm"]
[Result "1-0"]
[ICCResult "Black resigns"]
[WhiteElo "1960"]
[BlackElo "1700"]
[Opening "Nimzovich-Larsen attack: Indian variation"]
[ECO "A01"]
[NIC "VO.08"]
[Time "14:39:52"]
[TimeControl "180+0"]

1. b3 Nf6 2. Bb2 e6 3. e3 Be7 4. f4 O-O 5. Nf3 d5 6. Be2 c5 7. d3 Nc6 8. h3
b6 9. Nbd2 Nd7 10. Ne5 Bh4+ 11. Kf1 Ndxe5 12. fxe5 d4 13. exd4 Nxd4 14. Nf3
Nxe2 15. Qxe2 Be7 16. Qe4 Rb8 17. Qg4 Bb7 18. Re1 f5 19. Qh5 Qe8 20. Qxe8
Rfxe8 21. Kf2 Red8 22. Re2 g5 23. Rhe1 h5 24. g4 fxg4 25. hxg4 hxg4 26. Nh2
Rf8+ 27. Kg3 Rf4 28. Nxg4 Rbf8 29. Nh2 g4 30. Bc1 Rd4 31. Rf1 Bf3 32. Nxf3
gxf3 33. Rxf3 Bh4+ 34. Kg2 Rg4+ 35. Kh3 Rxf3+ 36. Kxg4 Rf2 37. Rxf2 Bxf2 38.
Bg5 b5 39. a4 bxa4 40. bxa4 a6 41. Be7 c4 42. dxc4 Kf7 43. Bd6 Ke8 44. c5
Kd7 45. Kf3 Kc6 46. Kxf2 Kd5 47. Ke3 Kc4 48. Ke4 Kc3 49. c6 Kxc2 50. c7
{Black resigns}
1-0

[Event "ICC Open 2015"]
[Site "Internet Chess Club"]
[Date "2015.05.30"]
[Round "4"]
[White "sakram07"]
[Black "johnny197"]
[Result "1-0"]
[ICCResult "Black checkmated"]
[WhiteElo "1871"]
[BlackElo "1376"]
[Opening "Modern defense"]
[ECO "A40"]
[NIC "QO.17"]
[Time "14:39:38"]
[TimeControl "180+0"]

1. d4 g6 2. c4 Bg7 3. Nc3 c5 4. Nf3 cxd4 5. Nxd4 Qb6 6. e3 Nc6 7. Nxc6 Bxc3+
8. bxc3 Qxc6 9. Bb2 Nf6 10. Qf3 Qxf3 11. gxf3 O-O 12. Be2 b6 13. Ba3 d6 14.
O-O-O Bb7 15. Rhg1 Rac8 16. Kc2 Rc7 17. h4 h5 18. f4 Rfc8 19. f5 Kg7 20.
fxg6 fxg6 21. Bd3 Be4 22. f3 Bxd3+ 23. Rxd3 Rxc4 24. e4 Nd7 25. Bb2 Ne5 26.
Re3 Ra4 27. a3 Nc4 28. Re2 Nxb2 29. Kxb2 Rac4 30. Re3 a5 31. Rg5 Kh6 32. Rb5
R8c6 33. e5 R4c5 34. Rxc5 Rxc5 35. exd6 exd6 36. Kb3 Rf5 37. Re6 Rd5 38. f4
Kg7 39. Re7+ Kf6 40. Rb7 Rb5+ 41. Ka4 Rc5 42. Rxb6 Rxc3 43. Rxd6+ Kf5 44.
Rd5+ Kxf4 45. Rxa5 Rc4+ 46. Kb3 Re4 47. Ra4 Rxa4 48. Kxa4 Kg4 49. Kb5 Kxh4
50. a4 Kg4 51. a5 h4 52. a6 h3 53. a7 h2 54. a8=Q Kg3 55. Qh1 g5 56. Kc4 g4
57. Kd3 Kh3 58. Ke3 g3 59. Kf3 Kh4 60. Qg2 h1=Q 61. Qxh1+ Kg5 62. Qg2 Kf6
63. Qxg3 Ke6 64. Qg4+ Ke5 65. Qe4+ Kd6 66. Kf4 Kc5 67. Qe5+ Kc4 68. Ke4 Kb3
69. Qd5+ Kc3 70. Qc6+ Kd2 71. Qc5 Ke2 72. Qd4 Kf1 73. Qc3 Kf2 74. Qe3+ Kf1
75. Qd2 Kg1 76. Kf3 Kh1 77. Kg3 Kg1 78. Qg2# {Black checkmated} 1-0

[Event "ICC Open 2015"]
[Site "Internet Chess Club"]
[Date "2015.05.30"]
[Round "4"]
[White "Sjelan"]
[Black "CrossShark"]
[Result "0-1"]
[ICCResult "White forfeits on time"]
[WhiteElo "2208"]
[BlackElo "2701"]
[Opening "Queen's pawn game, Chigorin variation"]
[ECO "D02"]
[NIC "QP.08"]
[Time "14:39:31"]
[TimeControl "180+0"]

1. d4 d5 2. Nf3 Nc6 3. Bf4 Bg4 4. c3 e6 5. Nbd2 Bd6 6. Bg3 Nge7 7. e4 Bxg3
8. hxg3 Qd7 9. Qb3 dxe4 10. Nxe4 Bxf3 11. gxf3 b6 12. Rd1 h6 13. Bb5 a6 14.
Be2 O-O 15. Kf1 Ng6 16. Kg2 Nce7 17. c4 Rad8 18. Nc3 Nf5 19. d5 Qe7 20. Ne4
exd5 21. Rxd5 Rxd5 22. cxd5 a5 23. Rd1 Nd6 24. Qa3 Rd8 25. Nc3 Qg5 26. Rd4
Nf5 27. Rg4 Qf6 28. Bb5 h5 29. Re4 Qg5 30. Qa4 Qd2 31. Bd7 Nd6 32. Re2 Qg5
33. Bh3 b5 34. Qd4 b4 35. Ne4 Nf4+ 36. Kf1 Nxe4 37. gxf4 Qh4 38. Rxe4 Qxh3+
39. Ke2 Qf5 40. Re5 Qc2+ 41. Ke3 Qc1+ 42. Qd2 Qc5+ 43. Ke2 Qc4+ 44. Qd3 Qxa2
45. Qd2 Qc4+ 46. Ke1 Qc5 47. Kf1 g6 48. Kg2 Qd6 49. Qe3 Kg7 50. Re8 Rxe8 51.
Qxe8 Qxd5 52. Qa4 Qd6 53. Qxa5 Qf6 54. Qe5 Qxe5 55. fxe5 c5 56. f4 f6 57.
Kf3 f5 58. Ke3 c4 59. Kd4 h4 60. Kxc4 h3 61. Kxb4 h2 62. Kc5 h1=Q 63. Kd6
Qd1+ 64. Ke7 Qb1 65. e6 Qxb2 66. Kd8 Qb8+ 67. Ke7 Qb7+ 68. Ke8 Qb8+ 69. Kd7
Qb6 70. e7 Qb7+ 71. Kd8 Kf7 72. e8=Q+ Kf6 73. Qd7 Qxd7+ 74. Kxd7 g5 75.
fxg5+ Kxg5 76. Ke6 Kf4 77. Kf6 Kg4 {White forfeits on time} 0-1

[Event "ICC Open 2015"]
[Site "Internet Chess Club"]
[Date "2015.05.30"]
[Round "4"]
[White "saya"]
[Black "kava"]
[Result "0-1"]
[ICCResult "White forfeits on time"]
[WhiteElo "2554"]
[BlackElo "2859"]
[Opening "Nimzo-Indian: Fischer variation"]
[ECO "E43"]
[NIC "NI.12"]
[Time "14:40:01"]
[TimeControl "180+0"]

1. d4 Nf6 2. c4 e6 3. Nc3 Bb4 4. e3 b6 5. Nf3 Bb7 6. Bd3 O-O 7. O-O c5 8.
Bd2 cxd4 9. exd4 d5 10. cxd5 Nxd5 11. Re1 Be7 12. a3 Nc6 13. Qe2 g6 14. Rac1
Bf6 15. Nxd5 Qxd5 16. Be4 Qd7 17. Bh6 Rfc8 18. Bxc6 Bxc6 19. Ne5 Qd5 20. Qg4
Bb7 21. Rcd1 Rc2 22. f3 Be7 23. Qf4 f6 24. Nd3 g5 25. Qg4 f5 26. Qh5 Qxd4+
27. Kh1 Qf6 28. Ne5 Bd5 29. b4 Rd8 30. h3 b5 31. Rd3 Rc4 32. Bxg5 Qxg5 33.
Qf7+ Kh8 34. Rxd5 exd5 35. Qe6 Rf8 36. Qxd5 Kg7 37. Nxc4 bxc4 38. Qb7 Rf7
39. Qxa7 c3 40. Qd4+ Bf6 41. Qc4 Qd2 42. Re6 c2 {White forfeits on time} 0-1

[Event "ICC Open 2015"]
[Site "Internet Chess Club"]
[Date "2015.05.30"]
[Round "4"]
[White "Radja"]
[Black "ShcherbinMatvei"]
[Result "0-1"]
[ICCResult "White checkmated"]
[WhiteElo "2430"]
[BlackElo "2757"]
[Opening "Sicilian defense"]
[ECO "B41"]
[NIC "SI.41"]
[Time "14:39:56"]
[TimeControl "180+0"]

1. e4 c5 2. Nf3 e6 3. d4 cxd4 4. Nxd4 Bc5 5. Nb3 Bb6 6. Nc3 Ne7 7. Qg4 O-O
8. Qg3 Nbc6 9. Bf4 f5 10. Bd3 fxe4 11. Nxe4 Nf5 12. Qh3 d5 13. Nd6 Bxf2+ 14.
Kxf2 Nh6 15. Nxc8 Rxf4+ 16. Ke3 Rg4 17. Be2 Re4+ 18. Kf2 Rxc8 19. Bf3 Re5
20. Rhe1 Qb6+ 21. Kf1 Nf5 22. Rxe5 Nxe5 23. Re1 Ng6 24. Bxd5 exd5 25. Qxf5
Rf8 26. Re8 Rxe8 27. Qxd5+ Kh8 28. h3 Rf8+ 29. Ke1 Qf2+ 30. Kd1 Nf4 31. Qd6
Qe2+ 32. Kc1 Qe1+ 33. Qd1 Ne2+ 34. Kb1 Qxd1+ 35. Nc1 Qxc1# {White
checkmated} 0-1